 Dungeon Crawl Stone Soup version 0.24-a0-201-gf2055891f0 (webtiles) character file.

Game seed: 13168087330208506838

37 EnegeticOcto the Grasshopper (level 3, 0/20 HPs)
             Began as a Vine Stalker Warper on Mar 19, 2019.
             Succumbed to a hobgoblin's poison
             ... on level 2 of the Dungeon.
             The game lasted 00:02:41 (1520 turns).

EnegeticOcto the Grasshopper (Vine Stalker Warper)  Turns: 1520, Time: 00:02:41

Health: 0/20       AC:  3    Str: 13    XL:     3   Next: 39%
Magic:  7/7        EV: 17    Int: 15    God:
Gold:   17         SH:  0    Dex: 19    Spells: 4/6 levels left

rFire    . . .     SeeInvis .   c - potion of mutation
rCold    . . .     Gourm    .   (no shield)
rNeg     . . .     Faith    .   b - +0 leather armour
rPois    .         Spirit   +   (no helmet)
rElec    .         Reflect  .   (no cloak)
rCorr    .         Harm     .   (no gloves)
MR       +....                  (no boots)
Stlth    ++........             (no amulet)
HPRegen  0.06/turn              (no ring)
MPRegen  0.10/turn              (no ring)

@: agile, lethally poisoned (0 -> -3), very slightly contaminated
A: fangs 2, clever 1, magic resistance 1, robust 1, magic shield, antimagic
bite, no potion heal 3, rot immunity
a: no special abilities


You were on level 2 of the Dungeon.
You were not hungry.

You visited 1 branch of the dungeon, and saw 2 of its levels.

You collected 17 gold pieces.

Inventory:

Hand Weapons
 a - a +0 short sword
Missiles
 f - 5 tomahawks of dispersal (quivered)
Armour
 b - a +0 leather armour (worn)
Scrolls
 d - a scroll of blinking {@r4}
 h - a scroll of fear {unknown}
 i - a scroll of identify {unknown}
 j - 2 scrolls of remove curse {unknown}
 m - a scroll of teleportation {unknown}
Potions
 c - a potion of mutation (in hand)
Comestibles
 e - 4 rations
 n - 2 chunks of flesh


   Skills:
 + Level 2.6 Fighting
 + Level 2.6 Short Blades
 - Level 0.8 Throwing
 - Level 0.7 Armour
 - Level 1.5 Dodging
 - Level 2.1 Spellcasting
 - Level 3.0 Translocations


You had 4 spell levels left.
You knew the following spells:

 Your Spells              Type           Power        Failure   Level  Hunger
a - Blink                 Tloc           N/A          12%         2    ###....

Your spell library contained the following spells:

 Spells                   Type           Power        Failure   Level  Hunger
 Shroud of Golubria       Chrm/Tloc      #.........   22%         2    ###....
 Gell's Gravitas          Tloc           ##........   24%         3    ###....
 Lesser Beckoning         Tloc           ##........   24%         3    ###....
 Teleport Other           Tloc           ##......     24%         3    ###....
 Passage of Golubria      Tloc           N/A          63%         4    #####..


Dungeon Overview and Level Annotations

Branches:
Dungeon (2/15)

Altars:


Innate Abilities, Weirdness & Mutations

You have extremely sharp teeth.
When hurt, damage is shared between your health and your magic reserves.
Your bite disrupts and absorbs the magic of your enemies.
Potions cannot restore your health.
You are immune to rotting.
Your mind is acute. (Int +2)
You are resistant to hostile enchantments. (MR+)
You are robust. (+10% HP)


Message History

* * * LOW HITPOINT WARNING * * *
You feel sick.
You swing at nothing.
* * * LOW HITPOINT WARNING * * *
You feel sick.
You swing at nothing.
* * * LOW HITPOINT WARNING * * *
You feel sick.
You swing at nothing.
You swing at nothing.
You flicker back into view.
* * * LOW HITPOINT WARNING * * *
You feel sick.
You swing at nothing.
* * * LOW HITPOINT WARNING * * *
You feel sick.
You swing at nothing.
You swing at nothing.
You swing at nothing.
You die...

...J# ....#
....## s. ....%
#.# ## ...#
##...#. ...#
.......##...#
.########<)...#
.......)@.#.....#
.####........#..#
#.#...#.....#
#..รท###.###.#
##.......# .#
#.####.## # .. .#
#s. #..


You could see a giant cockroach (wandering).

Vanquished Creatures
  An adder (D:2)
  A dart slug (D:1)
  3 bats (D:1)
  3 giant cockroaches (D:1)
  6 hobgoblins
  3 frilled lizards (D:1)
  5 goblins (D:1)
  3 rats
25 creatures vanquished.

Notes
Turn   | Place    | Note
-------+----------+-------------------------------------------
     0 | D:1      | EnegeticOcto the Vine Stalker Warper began the quest for
                  | the Orb.
     0 | D:1      | Reached XP level 1. HP: 11/11 MP: 4/4
   218 | D:1      | Reached XP level 2. HP: 15/15 MP: 6/6
   268 | D:1      | Learned a level 2 spell: Blink
  1336 | D:2      | Reached XP level 3. HP: 19/19 MP: 7/7
  1503 | D:2      | Gained mutation: Your mind is acute. (Int +2) [potion of
                  | mutation]
  1503 | D:2      | Gained mutation: You are resistant to hostile enchantments.
                  | (MR+) [potion of mutation]
  1503 | D:2      | Gained mutation: You are robust. (+10% HP) [potion of
                  | mutation]
  1517 | D:2      | HP: 1/20 [poisoned by a hobgoblin]
  1520 | D:2      | Succumbed to a hobgoblin's poison

Levels and vault maps discovered:
D:1:      onia_arrival_pentagram, layout_basic, minmay_tetromino_s2
D:2:      layout_basic, item_on_display_a

Skill      XL: |  1 |
---------------+----+-----
Fighting       | 2 |  2.6
Short Blades   | 2 |  2.6
Throwing       | |  0.8
Armour         | |  0.7
Dodging        | |  1.5
Spellcasting   | |  2.1
Translocations | |  3.0

Action                   || total
-------------------------++-------
Melee: Short sword       ||    69
       Bite              ||    11
  Use: Potion            ||     4
  Eat: Chunk             ||     2
Armor: Leather armour    ||    15
Dodge: Dodged            ||    30

Table legend:
 A = Non-vault XP
 B = Vault XP
 C = Vault XP percentage of total XP
 D = Non-vault monster count
 E = Vault monster count
 F = Vault count percentage of total count
                 A         B        C        D         E       F
            +---------+---------+-------+---------+---------+-------
      Total |      51 |       2 |   3.8 |      24 |       1 |   4.0
            +---------+---------+-------+---------+---------+-------
        D:1 |      31 |       2 |   6.1 |      19 |       1 |   5.0
        D:2 |      20 |       0 |   0.0 |       5 |       0 |   0.0
            +---------+---------+-------+---------+---------+-------
